 Dungeon Crawl Stone Soup version 0.30-a0-393-g54b8e3be05 (webtiles) character file.

Game seed: 18430483728910647692

388767 arthad the Slayer (level 23, -8/211 HPs)
             Began as a Formicid Fighter on Dec 4, 2022.
             Was a High Priest of Okawaru.
             Killed from afar by an Ice Fiend (27 damage)
             ... with a bolt of cold
             ... in the Arena on Dec 6, 2022.
             The game lasted 02:35:34 (43729 turns).

arthad the Slayer (Formicid Fighter)               Turns: 43729, Time: 02:35:34

Health: -8/211     AC: 35    Str: 35    XL:     23   Next: 74%
Magic:  38/38      EV: 14    Int:  8    God:    Okawaru [*****.]
Gold:   4815       SH: 25    Dex: 15    Spells: 22/22 levels left

rFire   + + .      SeeInvis +    A - +8 broad axe "Ultimatum" {speed, Will+ Dex+2}
rCold   + . .      Faith    .    U - +5 kite shield {rC+}
rNeg    . . .      Spirit   .    o - +8 shadow dragon scales of Asywnips {Str+3 Stlth++++}
rPois   +          Reflect  +    (helmet unavailable)
rElec   +          Harm     .    y - +1 cloak of Inquiry {+Inv Str-3 Slay+2}
rCorr   +          Rampage  .    k - +2 pair of gloves {Str+3}
Will    +++..                    X - +0 pair of boots "Bikhluph" {Slay+3}
Stlth   ++++......               I - amulet of reflection
HPRegen 0.55/turn                g - ring of Rouzuc {Fire rPois rCorr Slay+2}
MPRegen 0.26/turn                w - +4 ring of slaying

@: resistant, studying Axes, invisible, duelling
A: permanent stasis, dig shafts and tunnels, antennae 3, four strong arms
}: 3/15 runes: decaying, serpentine, silver
a: Dig, Renounce Religion, Evoke Invisibility, Heroism, Finesse, Duel


You were in the Arena.
You worshipped Okawaru.
Okawaru was extremely pleased with you.
You visited 8 branches of the dungeon, and saw 37 of its levels.
You also visited: Ossuary, Ice Cave and Volcano.

You collected 5886 gold pieces.
You spent 1071 gold pieces at shops.

Inventory:

Hand Weapons
 m - a +6 vorpal battleaxe
 t - a +0 battleaxe of flaming
 A - the +8 broad axe "Ultimatum" (weapon) {speed, Will+ Dex+2}
   (Okawaru gifted it to you on level 15 of the Dungeon)

   Attacks with this weapon are significantly faster.
   Dex:       It affects your dexterity (+2).
   Will:      It increases your willpower.
 S - the +8 broad axe of the Special Lives {speed, rN++ Int+4 Stlth+}
   (You found it on level 5 of the Vaults)

   Attacks with this weapon are significantly faster.
   Int:       It affects your intelligence (+4).
   rN:        It greatly protects you from negative energy.
   Stlth:     It makes you more stealthy.
Missiles
 j - 15 atropa-tipped darts
 l - 57 poisoned darts (quivered)
 x - 24 silver javelins
 F - 7 curare-tipped darts
Armour
 i - the +1 cloak of Starlight {*Dazzle EV+4 Stlth--}
   (Okawaru gifted it to you in the Arena)

   It may blind those who miss an attack against the wearer in melee combat.
   EV:        It affects your evasion (+4).
   Stlth:     It makes you much less stealthy.
 k - a +2 pair of gloves of strength (worn)
 o - the +8 shadow dragon scales of Asywnips (worn) {Str+3 Stlth++++}
   (Okawaru gifted it to you on level 13 of the Dungeon)

   Str:       It affects your strength (+3).
   Stlth:     It makes you much more stealthy.
 p - a +2 tower shield of fire resistance
 y - the +1 cloak of Inquiry (worn) {+Inv Str-3 Slay+2}
   (Okawaru gifted it to you on level 1 of the Swamp)

   Str:       It affects your strength (-3).
   Slay:      It affects your accuracy & damage with ranged weapons and melee
   (+2).
   +Inv:      It lets you turn invisible.
 L - the +3 pair of seven-league boots {Rampage+∞}
   (You bought it in a shop on level 4 of the Vaults)

   Its wearer moves as far as possible in that direction when moving towards
   enemies.
 U - a +5 kite shield of cold resistance (worn)
 X - the +0 pair of boots "Bikhluph" (worn) {Slay+3}
   (Okawaru gifted it to you on level 15 of the Dungeon)

   Slay:      It affects your accuracy & damage with ranged weapons and melee
   (+3).
Jewellery
 g - the ring of Rouzuc (left hand) {Fire rPois rCorr Slay+2}
   (You found it on level 5 of the Vaults)

   [ring of fire]

   It enhances your fire magic.
   Slay:      It affects your accuracy & damage with ranged weapons and melee
   (+2).
   rF:        It protects you from fire.
   rC:        It makes you vulnerable to cold.
   rPois:     It protects you from poison.
   rCorr:     It protects you from acid and corrosion.
 h - the ring "Jitosi" {Wiz Int+4 SInv}
   (You took it off a tengu reaver on level 5 of the Vaults)

   [ring of wizardry]

   It improves your spell success rate.
   Int:       It affects your intelligence (+4).
   SInv:      It lets you see invisible.
 w - a +4 ring of slaying (right hand)
 C - a ring of flight
 I - an amulet of reflection (around neck)
 P - the amulet of the Four Winds {rN+ Will+++ Clar}
   (You took it off a yaktaur captain on level 5 of the Vaults)

   [amulet of nothing]

   rN:        It protects you from negative energy.
   Clar:      It protects you against confusion.
   Will:      It greatly increases your willpower.
 Y - a ring of protection from fire
Wands
 d - a wand of flame (89)
 n - a wand of digging (9)
 s - a wand of iceblast (20)
 z - a wand of mindburst (17)
 E - a wand of polymorph (20)
 R - a wand of quicksilver (24)
Scrolls
 a - 2 scrolls of silence
 b - 7 scrolls of fear
 e - 5 scrolls of immolation
 q - 5 scrolls of fog
 N - 6 scrolls of enchant armour
 T - 8 scrolls of magic mapping
 V - 9 scrolls of enchant weapon
 W - 15 scrolls of poison
Potions
 v - 9 potions of lignification
 B - 2 potions of resistance
 D - 8 potions of brilliance
 G - a potion of ambrosia
 H - 4 potions of cancellation
 J - 7 potions of magic
 K - 4 potions of mutation
 M - 10 potions of curing
 O - 6 potions of might
 Q - 8 potions of flight
Miscellaneous
 f - a condenser vane
 r - a tin of tremorstones (2/2)
 u - a phial of floods


   Skills:
 * Level 24.5 Fighting
 * Level 18.0 Axes
 - Level 6.8 Throwing
 + Level 16.5 Armour
 + Level 10.2 Dodging
 - Level 6.9 Stealth
 + Level 19.4 Shields
 - Level 22.0 Invocations
 + Level 5.7 Evocations


You had 22 spell levels left.
You didn't know any spells.
Your spell library contained the following spells:

 Spells                   Type           Power      Damage    Failure   Level
 Apportation              Tloc           0%         N/A       83%         1
 Foxfire                  Conj/Fire      0%         2x1d4     83%         1
 Kiss of Death            Conj/Necr      0%         2d5       83%         1
 Necrotise                Necr           0%         1d4       83%         1
 Sandblast                Erth           0%         2d4       83%         1
 Shock                    Conj/Air       0%         1d3       83%         1
 Cigotuvi's Dreadful Rot  Necr/Pois/Air  0%         N/A       92%         2
 Ensorcelled Hibernation  Hex/Ice        0%         N/A       92%         2
 Passwall                 Tmut/Erth      0%         N/A       92%         2
 Poisonous Vapours        Pois/Air       0%         N/A       92%         2
 Confusing Touch          Hex            0%         N/A       99%         3
 Gell's Gravitas          Tloc           0%         N/A       99%         3
 Hailstorm                Conj/Ice       0%         3d3       99%         3
 Inner Flame              Hex/Fire       0%         N/A       99%         3
 Mephitic Cloud           Conj/Pois/Air  0%         N/A       99%         3
 Portal Projectile        Hex/Tloc       0%         N/A       99%         3
 Spider Form              Tmut/Pois      0%         N/A       99%         3
 Stone Arrow              Conj/Erth      0%         3d7       99%         3
 Teleport Other           Tloc           0%         N/A       99%         3
 Vampiric Draining        Necr           0%         2d6       99%         3
 Airstrike                Air            0%         2d(0-16)  100%        4
 Anguish                  Hex/Necr       0%         N/A       100%        4
 Cause Fear               Hex            0%         N/A       100%        4
 Dispel Undead            Necr           0%         3d6       100%        4
 Flame Wave               Conj/Fire      0%         2d4       100%        4
 Ice Form                 Ice/Tmut       0%         N/A       100%        4
 Leda's Liquefaction      Hex/Erth       0%         N/A       100%        4
 Olgreb's Toxic Radiance  Pois           0%         N/A       100%        4
 Petrify                  Tmut/Erth      0%         N/A       100%        4
 Sticky Flame             Conj/Fire      0%         2d3       100%        4
 Agony                    Necr           0%         N/A       100%        5
 Alistair's Intoxication  Tmut/Pois      0%         N/A       100%        5
 Arcjolt                  Conj/Air       0%         1d10      100%        5
 Blade Hands              Tmut           0%         N/A       100%        5
 Fireball                 Conj/Fire      0%         3d3       100%        5
 Lee's Rapid Deconstruct  Erth           0%         3d4*      100%        5
 Metabolic Englaciation   Hex/Ice        0%         N/A       100%        5
 Silence                  Hex/Air        0%         N/A       100%        5
 Dispersal                Tloc           0%         N/A       100%        6
 Iron Shot                Conj/Erth      0%         9d1       100%        6
 Starburst                Conj/Fire      0%         6d3       100%        6
 Statue Form              Tmut/Erth      0%         N/A       100%        6
 Dragon Form              Tmut           0%         N/A       100%        7
 Storm Form               Tmut/Air       0%         N/A       100%        7
 Discord                  Hex            0%         N/A       100%        8
 Lehudib's Crystal Spear  Conj/Erth      0%         10d2      100%        8
 Maxwell's Capacitive Co  Air            0%         ∞         100%        8
 Shatter                  Erth           0%         3d5*      100%        9
 Summon Small Mammal      Summ           Unusable   N/A       N/A         1
 Call Imp                 Summ           Unusable   N/A       N/A         2
 Call Canine Familiar     Summ           Unusable   N/A       N/A         3
 Swiftness                Air            Unusable   N/A       N/A         3
 Animate Armour           Summ/Erth      Unusable   N/A       N/A         4
 Summon Lightning Spire   Summ/Air       Unusable   N/A       N/A         4
 Simulacrum               Ice/Necr       Unusable   N/A       N/A         6
 Summon Cactus Giant      Summ           Unusable   N/A       N/A         6
 Dragon's Call            Summ           Unusable   N/A       N/A         9

Dungeon Overview and Level Annotations

Branches:
Dungeon (15/15)            Temple (1/1) D:5            Lair (5/5) D:10
  Swamp (4/4) Lair:2        Snake (4/4) Lair:2        Slime (0/5) Lair:4
    Orc (2/2) D:11            Elf (0/3) Orc:2        Vaults (5/5) D:13
  Crypt (0/3) Vaults:2     Depths (1/4) D:15        Ossuary (visited)
  IceCv (visited)         Volcano (visited)

Altars:
Ashenzari
Cheibriados
Dithmenos
Elyvilon
Fedhas
Gozag
Hepliaklqana
Kikubaaqudgha
Makhleb
Nemelex Xobeh
Okawaru
Qazlal
Ru
Sif Muna
Trog
Uskayaw
Vehumet
Wu Jian
Xom
Yredelemnul
Zin
The Shining One

Shops:
D:2 ?=(*(   D:6 (   D:10 !   D:13 *[   Orc:2 *:([   Snake:1 *   Snake:2 (
Vaults:4 [

Portals:
Pandemonium: Depths:1

Annotations:
D:4 3 runed translucent doors, Bediveer's ghost, amateur DsAr
D:12 2 runed translucent doors, spardeous's ghost, novice FeTm
Lair:1 2 transporters, NinjaNoafa's ghost, novice MfGl
Depths:1 exclusion: 2 ice statues


Innate Abilities, Weirdness & Mutations

You cannot be hasted, slowed, berserked, paralysed or teleported.
You can dig through walls and to a lower floor.
You have a pair of large antennae on your head. (SInv)
Your four strong arms can wield two-handed weapons with a shield.


Message History

Okay, then.
The Ice Fiend attacks as you move away!
The Ice Fiend claws you but does no damage.
The Ice Fiend barely misses you.
The Ice Fiend calls on the powers of darkness!
Your body is wracked with pain!
* * * LOW HITPOINT WARNING * * *
The Ice Fiend calls on the powers of darkness!
Your body is wracked with pain!
* * * LOW HITPOINT WARNING * * *
You feel better.
You feel less invigorated. You block the Ice Fiend's attack.
The Ice Fiend completely misses you.
You feel better. You block the Ice Fiend's attack. x2
You feel protected. The Ice Fiend claws you.
* * * LOW HITPOINT WARNING * * *
The Ice Fiend freezes you! You resist.
* * * LOW HITPOINT WARNING * * *
You block the Ice Fiend's attack.
You feel better.
The Ice Fiend claws you but does no damage.
The Ice Fiend barely misses you.
Okay, then.
Unknown command.
You can't see any enemies this would affect, really read the scroll of fear?
Okay, then.
Unknown command.
Unknown command.
You fade into invisibility!
The Ice Fiend completely misses you. The Ice Fiend claws you.
* * * LOW HITPOINT WARNING * * *
The Ice Fiend freezes you! You resist.
* * * LOW HITPOINT WARNING * * *
You feel better. You block the Ice Fiend's attack.
The Ice Fiend barely misses you.
You feel better. The Ice Fiend gestures at you. The bolt of cold hits you!!
You resist.
You die...
Okawaru crowns the Ice Fiend victorious!

###########
#..ppppp..#
#.▓▓▓▓▓▓▓.#
#.▓.....▓p#
#p▓.....▓▓#
#p▓.1∩..▓∩#
#p▓..@..▓▓#
#p▓.....▓p#
#.▓▓▓▓▓▓▓.#
#...pppp..#
###########


You could see an Ice Fiend.

Vanquished Creatures
  Mara (Arena)
  Vashnia (Snake:2)
  Margery (Vaults:3)
  A golden dragon (Vaults:5)
  4 tentacled monstrosities
  10 titans
  A lich (Depths:1)
  Gastronok (D:8)
  3 sphinxes
  2 shadow dragons
  6 tengu reavers
  10 storm dragons
  2 thorn hunters (Swamp:1)
  8 nagarajas
  An azure jelly (Swamp:4)
  2 frost giants (Vaults:5)
  Aizul (Snake:1)
  22 vault wardens
  2 deep elf sorcerers
  7 fire giants
  4 iron dragons
  Louise (Swamp:4)
  9 war gargoyles
  2 orc warlords
  7 stone giants
  10 very ugly things
  20 ironbound preservers
  5 ironbound thunderhulks
  5 eleionomae
  9 dire elephants
  Nessos (Orc:2)
  A deep elf demonologist (Vaults:5)
  A white draconian (Vaults:4)
  6 bunyips
  A deep elf annihilator (Vaults:4)
  2 blizzard demons (IceCv)
  A deep elf death mage (Vaults:5)
  6 ettins
  22 yaktaur captains
  A fire dragon (Lair:5)
  A deep elf high priest (Vaults:5)
  A shambling mangrove (Swamp:3)
  2 entropy weavers
  A great orb of eyes (D:15)
  11 hydras
  Fannar (D:11)
  2 peacekeepers (Vaults:4)
  2 ice dragons (Swamp:4)
  35 vault guards
  3 salamander tyrants
  2 ogre magi
  9 anacondas
  A spriggan air mage (Swamp:2)
  4 alligators
  4 ironbound frosthearts
  11 centaur warriors
  8 boulder beetles
  3 two-headed ogres
  A deep troll shaman (Depths:1)
  3 deep troll earth magi
  A death knight (D:15)
  2 vampire magi (Depths:1)
  5 death yaks
  A spriggan berserker (Depths:1)
  2 tengu warriors (D:14)
  15 naga warriors
  7 shock serpents
  5 orc high priests (Orc:2)
  18 naga sharpshooters
  5 hell knights
  Sonja (D:10)
  4 shadow wraiths
  4 iron trolls
  Lodul (D:11)
  3 goliath frogs
  A death drake (Swamp:3)
  43 deep trolls
  3 salamander mystics (Snake:4)
  3 swamp dragons
  5 bog bodies
  7 naga ritualists
  9 spriggan simulacra (IceCv)
  An obsidian statue (IceCv)
  5 lindwurms
  2 phantasmal warriors
  18 ironbound convokers
  3 deep elf pyromancers
  7 wizards
  14 orc knights
  15 mana vipers
  A deep elf archer (D:13)
  A wolf spider (D:15)
  4 harpies
  5 cyclopes
  3 orc sorcerers
  21 ugly things
  A shining eye (shapeshifter) (Vaults:5)
  3 will-o-the-wisps
  6 salamanders
  3 manticores
  13 elephants
  43 black mambas
  An eye of devastation (Vaults:4)
  15 naga magi
  25 vault sentinels
  2 molten gargoyles (Lair:5)
  3 guardian serpents
  2 gargoyles
  2 smoke demons
  6 torpor snails
  12 cane toads
  2 rime drakes
  47 yaktaurs
  3 efreet
  2 kobold demonologists
  13 komodo dragons
  14 freezing wraiths
  A golden dragon simulacrum (IceCv)
  7 ice devils (IceCv)
  7 trolls
  8 hornets
  2 polar bears
  A tyrant leech (shapeshifter) (Vaults:5)
  A red devil (Volcano)
  7 tyrant leeches
  A tarantella (shapeshifter) (D:13)
  A raiju (shapeshifter) (D:14)
  A blink frog (shapeshifter) (D:14)
  A dream sheep (shapeshifter) (Vaults:5)
  29 slime creatures
  A centaur simulacrum (D:14)
  A shadow (D:10)
  6 spriggans
  4 dire elephant simulacra (IceCv)
  5 wraiths
  5 fire bats (Volcano)
  31 yaks
  Eustachio (D:4)
  A basilisk (shapeshifter) (D:15)
  8 wyverns
  A steam dragon (D:9)
  7 basilisks
  4 swamp worm simulacra (Swamp:4)
  7 minotaur simulacra (IceCv)
  7 vampire mosquitoes
  Grum (D:11)
  48 nagas
  A warg (Orc:2)
  3 harpy simulacra (IceCv)
  18 swamp worms
  Menkaure (Ossuary)
  7 hell hounds
  15 water moccasins
  17 hydra simulacra
  2 acid dragons
  An ice beast (D:5)
  45 orc warriors
  2 sky beasts
  2 black bears
  A swamp drake (Swamp:2)
  2 hornet zombies (D:7)
  5 boggarts (Vaults:1)
  13 ogres
  9 wolves
  3 phantoms
  8 centaurs
  12 bullfrogs
  7 kobold brigands
  A water moccasin zombie (D:7)
  2 necrophages
  9 deep troll simulacra (IceCv)
  3 scorpions (D:10)
  4 wights (D:7)
  10 killer bees
  A centaur zombie (D:7)
  11 lava snakes
  3 hounds
  A bullfrog zombie (D:7)
  3 jellies
  30 orc priests
  2 gnoll boudas
  Terence (D:2)
  3 iguanas
  30 orc wizards
  A killer bee zombie (D:7)
  3 mummies (Ossuary)
  2 howler monkey zombies (D:7)
  11 adders
  13 gnolls
  A white imp (Vaults:4)
  3 ufetubi
  4 swamp drake simulacra (Swamp:4)
  3 worms
  3 dart slugs
  96 orcs
  9 bats
  7 endoplasms
  5 giant cockroaches
  12 goblins
  10 hobgoblins
  4 jackals (D:3)
  5 quokkas
  5 ball pythons
  2 frilled lizards
  2 gnoll skeletons (Ossuary)
  2 gnoll zombies (Ossuary)
  6 goblin skeletons (Ossuary)
  5 goblin zombies (Ossuary)
  3 hobgoblin skeletons (Ossuary)
  5 hobgoblin zombies (Ossuary)
  37 kobolds
  3 kobold skeletons (Ossuary)
  5 kobold zombies (Ossuary)
  5 orc skeletons (Ossuary)
  4 orc zombies (Ossuary)
  7 rats
  6 rat skeletons (Ossuary)
  4 rat zombies (Ossuary)
1554 creatures vanquished.

Vanquished Creatures (others)
  An alligator (Swamp:4)
  A spriggan (Swamp:2)
  A goliath frog (Swamp:2)
  An ironbound convoker (Vaults:1)
  2 bloated husks (Swamp:2)
  A hornet (Swamp:2)
  A swamp drake (Swamp:1)
  A kobold brigand (D:13)
  An orc priest (Vaults:5)
  An orc wizard (D:11)
  3 orcs
  6 foxfires
  33 fungi
  37 plants
  3 withered plants (D:7)
93 creatures vanquished.

Grand Total: 1647 creatures vanquished

Notes
Turn   | Place    | Note
-------+----------+-------------------------------------------
     0 | D:1      | arthad the Formicid Fighter began the quest for the Orb.
     0 | D:1      | Reached XP level 1. HP: 18/18 MP: 1/1
   116 | D:1      | Reached XP level 2. HP: 24/24 MP: 2/2
   205 | D:1      | You fall into a shaft and drop 1 floor!
   225 | D:2      | Reached XP level 3. HP: 30/30 MP: 3/3
   229 | D:2      | Identified the +1 cloak "Watyimo" {Int+2}
   270 | D:2      | Found Soissoasa's Assorted Antiques.
   293 | D:2      | Bought a murky ruby potion for 18 gold pieces
   322 | D:2      | Found Cefueloi's Jewellery Shop.
   367 | D:2      | Reached skill level 4 in Fighting
   367 | D:2      | Reached XP level 4. HP: 37/37 MP: 4/4
   406 | D:2      | Found Amauziar's Magic Scroll Shop.
   567 | D:2      | Found Botom's Antique Weapon Shoppe.
   652 | D:2      | Bought a white potion for 18 gold pieces
  1461 | D:1      | Reached XP level 5. HP: 42/42 MP: 5/5
  1795 | D:2      | Found Qingop's Antique Weapon Shoppe.
  1894 | D:2      | Noticed Terence
  1908 | D:2      | Killed Terence
  2276 | D:3      | Reached XP level 6. HP: 49/49 MP: 6/6
  2763 | D:4      | Found a runed translucent gate.
  2763 | D:4      | Found a runed translucent gate.
  2763 | D:4      | Found a runed translucent gate.
  2767 | D:4      | Noticed Bediveer's ghost (amateur DsAr)
  2833 | D:4      | Reached skill level 5 in Fighting
  2833 | D:4      | Reached skill level 5 in Shields
  3356 | D:4      | Noticed Eustachio
  3363 | D:4      | Reached XP level 7. HP: 28/56 MP: 7/7
  3373 | D:4      | Killed Eustachio
  3659 | D:4      | Found a sacrificial altar of Ru.
  3982 | D:5      | Entered Level 5 of the Dungeon
  4044 | D:5      | Reached skill level 6 in Fighting
  4110 | D:5      | Reached skill level 5 in Axes
  4148 | D:5      | Reached XP level 8. HP: 20/65 MP: 8/8
  4302 | D:5      | Identified a scroll of acquirement
  4302 | D:5      | Acquired a manual of Fighting
  4345 | D:5      | Reached skill level 5 in Armour
  4631 | D:5      | Found a staircase to the Ecumenical Temple.
  4645 | Temple   | Entered the Ecumenical Temple
  4719 | Temple   | Became a worshipper of Warmaster Okawaru
  5078 | D:6      | Reached skill level 7 in Fighting
  5271 | D:6      | Found Pucos's Antique Weapon Emporium.
  5326 | D:6      | Reached skill level 8 in Fighting
  5375 | D:6      | Reached * piety under Okawaru
  5568 | D:6      | Reached XP level 9. HP: 73/75 MP: 9/9
  5793 | D:6      | Reached skill level 9 in Fighting
  5820 | D:6      | Found an ancient bone altar of Kikubaaqudgha.
  5863 | D:6      | Found a snail-covered altar of Cheibriados.
  5943 | D:6      | Bought a masterwork arbalest for 275 gold pieces
  5943 | D:6      | Identified the +0 arbalest of a Gauntlet {freeze, Will+
                  | Str+4} (You bought it in a shop on level 6 of the Dungeon)
  5985 | D:7      | Reached skill level 1 in Invocations
  6187 | D:7      | Reached ** piety under Okawaru
  6256 | D:7      | Identified the +1 ring mail of the Stone Wall {Regen+
                  | Stlth+}
  6428 | D:7      | Reached skill level 10 in Fighting
  6711 | D:8      | Reached XP level 10. HP: 54/86 MP: 10/12
  6741 | D:8      | Noticed Gastronok
  6759 | D:8      | Killed Gastronok
  6759 | D:8      | Reached *** piety under Okawaru
  6760 | D:8      | Reached skill level 11 in Fighting
  6917 | D:8      | Found a sand-covered staircase.
  6922 | Ossuary  | Entered an ossuary
  7185 | Ossuary  | Noticed Menkaure
  7191 | Ossuary  | Killed Menkaure
  7203 | Ossuary  | Reached skill level 12 in Fighting
  7338 | D:8      | Found a blossoming altar of Fedhas.
  7600 | D:9      | Reached **** piety under Okawaru
  7668 | D:9      | Reached XP level 11. HP: 64/96 MP: 14/14
  7836 | D:9      | Found a glowing golden altar of the Shining One.
  7891 | D:9      | Reached skill level 5 in Invocations
  7894 | D:9      | Reached skill level 13 in Fighting
  8303 | D:10     | Entered Level 10 of the Dungeon
  8339 | D:10     | Found Readyep's Distillery.
  8351 | D:10     | Bought a potion of heal wounds for 80 gold pieces
  8351 | D:10     | Bought a potion of heal wounds for 80 gold pieces
  8440 | D:10     | Noticed a cyclops
  8452 | D:10     | Killed a cyclops
  8452 | D:10     | Reached ***** piety under Okawaru
  8711 | D:10     | Received a gift from Okawaru
  8730 | D:10     | Reached skill level 14 in Fighting
  8757 | D:10     | Found a staircase to the Lair.
  8770 | D:10     | Noticed a two-headed ogre
  8780 | D:10     | Killed a two-headed ogre
  8781 | D:10     | Reached skill level 10 in Axes
  8781 | D:10     | Reached skill level 1 in Throwing
  8982 | D:11     | Noticed Fannar
  8998 | D:11     | Killed Fannar
  8998 | D:11     | Received a gift from Okawaru
  9077 | D:11     | Noticed Grum
  9085 | D:11     | Noticed Sonja
  9140 | D:10     | Killed Sonja
  9141 | D:10     | Reached skill level 10 in Shields
  9225 | D:11     | Killed Grum
  9226 | D:11     | Reached XP level 12. HP: 100/108 MP: 16/16
  9422 | D:11     | Found a staircase to the Orcish Mines.
  9578 | D:11     | Noticed Lodul
  9599 | D:11     | Killed Lodul
  9600 | D:11     | Reached skill level 15 in Fighting
  9602 | D:11     | Identified the ring of Arrival {Ice *Slow Dex+4}
  9606 | D:11     | Identified the +0 ring mail "Beoph" {rPois} (Okawaru gifted
                  | it to you on level 11 of the Dungeon)
  9606 | D:11     | Received a gift from Okawaru
  9684 | D:11     | Noticed a two-headed ogre
  9693 | D:11     | Killed a two-headed ogre
 10210 | D:12     | Noticed a boulder beetle
 10263 | D:12     | Killed a boulder beetle
 10349 | D:12     | Acquired the +0 crystal plate armour of Wickybed {rN++
                  | Will+++ Str-4 Dex-2}
 10491 | D:12     | Found a runed translucent door.
 10494 | D:12     | Noticed a storm dragon
 10494 | D:12     | Noticed a skeletal warrior
 10494 | D:12     | Noticed a tengu reaver
 10495 | D:12     | Noticed a lich
 10497 | D:12     | Noticed spardeous's ghost (novice FeTm)
 10497 | D:12     | Noticed a skeletal warrior
 10502 | D:12     | Found a runed translucent door.
 10987 | D:13     | Reached skill level 16 in Fighting
 11021 | D:13     | Found Puwoupeo's Neck Hole.
 11100 | D:13     | Noticed a boulder beetle
 11124 | D:13     | Found Bios's Antique Armour Emporium.
 11438 | D:13     | Killed a boulder beetle
 11544 | D:13     | Reached XP level 13. HP: 33/118 MP: 18/18
 11799 | D:13     | Identified the +8 shadow dragon scales of Asywnips {Str+3
                  | Stlth++++} (Okawaru gifted it to you on level 13 of the
                  | Dungeon)
 11799 | D:13     | Received a gift from Okawaru
 11813 | D:13     | Reached ****** piety under Okawaru
 12205 | D:13     | Found a gate to the Vaults.
 12473 | D:14     | Noticed a centaur warrior
 12483 | D:14     | Killed a centaur warrior
 13036 | D:14     | Reached skill level 5 in Throwing
 13063 | D:14     | Received a gift from Okawaru
 13107 | D:14     | Reached skill level 17 in Fighting
 13560 | D:15     | Entered Level 15 of the Dungeon
 13560 | D:15     | Noticed a centaur warrior
 13565 | D:15     | Killed a centaur warrior
 13565 | D:15     | Identified the +8 broad axe "Ultimatum" {speed, Will+
                  | Dex+2} (Okawaru gifted it to you on level 15 of the
                  | Dungeon)
 13565 | D:15     | Received a gift from Okawaru
 13643 | D:15     | Reached skill level 10 in Armour
 14072 | D:15     | Reached XP level 14. HP: 128/128 MP: 20/20
 14094 | D:15     | Found a burning altar of Makhleb.
 14490 | D:15     | Identified the +0 pair of boots "Bikhluph" {Slay+3}
                  | (Okawaru gifted it to you on level 15 of the Dungeon)
 14490 | D:15     | Received a gift from Okawaru
 14666 | D:15     | Found a staircase to the Depths.
 14666 | D:15     | Noticed a dire elephant
 14688 | D:15     | Killed a dire elephant
 14855 | Orc:1    | Entered Level 1 of the Orcish Mines
 14933 | Orc:1    | Found a dark tunnel.
 14935 | Orc:1    | You fall into a shaft and drop 1 floor!
 14935 | Orc:2    | Entered Level 2 of the Orcish Mines
 14936 | Orc:2    | Noticed Nessos
 14950 | Orc:2    | Killed Nessos
 15008 | Orc:1    | Reached skill level 1 in Stealth
 15026 | Volcano  | Entered a volcano
 15081 | Volcano  | Reached skill level 1 in Evocations
 15146 | Volcano  | Reached skill level 1 in Dodging
 15178 | Volcano  | Found a burning altar of Makhleb.
 15399 | Volcano  | Found a burning altar of Makhleb.
 16439 | Orc:2    | Received a gift from Okawaru
 16857 | Orc:2    | Received a gift from Okawaru
 16861 | Orc:2    | Found a staircase to the Elven Halls.
 16947 | Orc:2    | Reached XP level 15. HP: 123/136 MP: 22/22
 17098 | Orc:2    | Found Sauvvu's Book Emporium.
 17099 | Orc:2    | Found Wevur's Antique Weapon Shoppe.
 17099 | Orc:2    | Found Miohiv's Armour Emporium.
 17100 | Orc:2    | Found Semicry's General Store.
 17319 | Lair:1   | Entered Level 1 of the Lair of Beasts
 17573 | Lair:1   | Found a snail-covered altar of Cheibriados.
 17725 | Lair:1   | Reached skill level 18 in Fighting
 17745 | Lair:1   | Found a transporter.
 17746 | Lair:1   | Found a bloodstained altar of Trog.
 17747 | Lair:1   | Noticed NinjaNoafa's ghost (novice MfGl)
 17784 | Lair:1   | Found a transporter.
 17980 | Lair:1   | Identified the +5 whip of the Sky {freeze, Str+3 Int+2}
 18292 | Lair:2   | Reached skill level 10 in Invocations
 18394 | Lair:2   | Identified the +1 animal skin of the Powerful God {rElec
                  | Dex+4} (Okawaru gifted it to you on level 2 of the Lair of
                  | Beasts)
 18394 | Lair:2   | Received a gift from Okawaru
 18676 | Lair:2   | Found a staircase to the Snake Pit.
 19217 | Lair:2   | Found a staircase to the Swamp.
 20619 | Lair:4   | Reached skill level 5 in Stealth
 20789 | Lair:4   | Found a staircase to the Slime Pits.
 21347 | Lair:5   | Entered Level 5 of the Lair of Beasts
 21448 | Lair:5   | Reached XP level 16. HP: 144/145 MP: 23/23
 21493 | Lair:5   | Received a gift from Okawaru
 21725 | Lair:5   | Found a large runed translucent door.
 21788 | Lair:5   | Found a large runed translucent door.
 21906 | Lair:5   | Reached skill level 5 in Evocations
 21940 | Lair:5   | Identified the +2 robe "Wewyrch" {Rampage Drain rF+++
                  | Int-4}
 22051 | Lair:5   | Identified the +12 hand axe "Hajeeb" {spect, rF+ rC+}
 22652 | Depths:1 | Entered Level 1 of the Depths
 23245 | Swamp:1  | Entered Level 1 of the Swamp
 23245 | Swamp:1  | Noticed a thorn hunter
 23258 | Swamp:1  | Killed a thorn hunter
 23294 | Swamp:1  | Noticed a thorn hunter
 23311 | Swamp:1  | Killed a thorn hunter
 23312 | Swamp:1  | Reached skill level 19 in Fighting
 23610 | Swamp:1  | Acquired a manual of Invocations
 23848 | Swamp:1  | Identified the +1 cloak of Inquiry {+Inv Str-3 Slay+2}
                  | (Okawaru gifted it to you on level 1 of the Swamp)
 23848 | Swamp:1  | Received a gift from Okawaru
 24222 | Swamp:2  | Reached skill level 15 in Axes
 24363 | Swamp:2  | Reached XP level 17. HP: 64/153 MP: 25/25
 25842 | Swamp:3  | Noticed a tentacled monstrosity
 25853 | Swamp:3  | Killed a tentacled monstrosity
 26008 | Swamp:4  | Entered Level 4 of the Swamp
 26039 | Swamp:4  | Found a frozen archway.
 26050 | IceCv    | Entered an ice cave
 26310 | IceCv    | Received a gift from Okawaru
 27455 | Swamp:4  | Noticed Louise
 27465 | Swamp:4  | Killed Louise
 27466 | Swamp:4  | Reached skill level 20 in Fighting
 27992 | Swamp:4  | Received a gift from Okawaru
 28257 | Swamp:4  | Got a decaying rune of Zot
 28438 | Snake:1  | Entered Level 1 of the Snake Pit
 28438 | Snake:1  | Found Padab's Practical Paraphernalia.
 28568 | Snake:1  | Reached skill level 15 in Shields
 28618 | Snake:1  | Reached XP level 18. HP: 157/162 MP: 27/27
 28706 | Snake:1  | Noticed Aizul
 28722 | Snake:1  | Killed Aizul
 29041 | Snake:1  | Received a gift from Okawaru
 29051 | Snake:1  | You fall into a shaft and drop 1 floor!
 29514 | Snake:2  | Found Vyaqof's Weapon Boutique.
 29525 | Snake:2  | Noticed Vashnia
 29554 | Snake:2  | Killed Vashnia
 29554 | Snake:2  | Identified the +1 scale mail of Negligence {Fly rF++}
                  | (Okawaru gifted it to you on level 2 of the Snake Pit)
 29554 | Snake:2  | Received a gift from Okawaru
 31799 | Snake:3  | Reached skill level 5 in Dodging
 31957 | Snake:3  | Identified the +1 robe of Urchuaz {Str+3 Dex-4} (Okawaru
                  | gifted it to you on level 3 of the Snake Pit)
 31957 | Snake:3  | Received a gift from Okawaru
 32170 | Snake:4  | Entered Level 4 of the Snake Pit
 32207 | Snake:4  | Reached skill level 15 in Invocations
 32215 | Snake:4  | Reached XP level 19. HP: 87/171 MP: 14/30
 32216 | Snake:4  | Reached skill level 21 in Fighting
 32438 | Arena    | Entered the Arena
 33407 | Snake:4  | Got a serpentine rune of Zot
 33760 | Vaults:1 | Entered Level 1 of the Vaults
 33915 | Vaults:1 | Received a gift from Okawaru
 34045 | Vaults:1 | Identified the +1 scale mail of Dawn {rC++} (Okawaru gifted
                  | it to you on level 1 of the Vaults)
 34045 | Vaults:1 | Received a gift from Okawaru
 34460 | Vaults:1 | Reached XP level 20. HP: 180/180 MP: 32/32
 35652 | Vaults:2 | Received a gift from Okawaru
 36320 | Vaults:2 | Reached skill level 22 in Fighting
 36879 | Vaults:2 | Found a staircase to the Crypt.
 36932 | Vaults:2 | Identified the +3 sling "Ultimatum" {vorpal, rN+ Dex+4}
 37100 | Vaults:3 | Received a gift from Okawaru
 37391 | Vaults:3 | Received a gift from Okawaru
 37545 | Vaults:3 | Reached XP level 21. HP: 159/190 MP: 34/34
 38080 | Vaults:3 | Identified the +3 leather armour "Guta" {rF++}
 38116 | Vaults:3 | Noticed Mara
 38119 | Arena    | Entered the Arena
 38129 | Arena    | Killed Mara
 38129 | Arena    | Received a gift from Okawaru
 38129 | Arena    | Found the +1 cloak of Starlight {*Dazzle EV+4 Stlth--}
 38355 | Vaults:3 | Noticed Margery
 38372 | Vaults:3 | Killed Margery
 38373 | Vaults:3 | Reached skill level 15 in Armour
 38561 | Vaults:3 | Identified the ring of Past Mistakes {MP+9 Str+2}
 38746 | Vaults:4 | Identified the +2 shortbow of the Saviour {flame, Str+4}
 39292 | Vaults:4 | Identified the +0 rapier of the Forgotten Suns {vorpal,
                  | Will+}
 39297 | Vaults:4 | Reached skill level 23 in Fighting
 39473 | Vaults:4 | Received a gift from Okawaru
 39539 | Vaults:4 | Reached XP level 22. HP: 154/200 MP: 29/36
 40003 | Vaults:4 | Found Iseavvyxtu's Armour Shoppe.
 40017 | Vaults:4 | Bought the +3 pair of seven-league boots {Rampage+∞} for
                  | 600 gold pieces
 40017 | Vaults:4 | Found the +3 pair of seven-league boots {Rampage+∞}
 40150 | Vaults:5 | Entered Level 5 of the Vaults
 40169 | Vaults:5 | Received a gift from Okawaru
 40183 | Vaults:5 | Identified the +6 plate armour of Cynicism {Harm *Slow
                  | rPois Dex+9} (Okawaru gifted it to you on level 5 of the
                  | Vaults)
 40183 | Vaults:5 | Received a gift from Okawaru
 41196 | Arena    | Entered the Arena
 41237 | Vaults:5 | Reached XP level 23. HP: 129/209 MP: 27/37
 41244 | Vaults:5 | Received a gift from Okawaru
 41246 | Vaults:5 | Reached skill level 24 in Fighting
 41555 | Vaults:4 | Identified the +1 pair of boots of Syndicalism {Will+
                  | Stlth+} (Okawaru gifted it to you on level 4 of the Vaults)
 41555 | Vaults:4 | Received a gift from Okawaru
 41876 | Vaults:5 | Noticed a golden dragon
 41890 | Vaults:5 | Killed a golden dragon
 42055 | Vaults:5 | Got a silver rune of Zot
 42128 | Vaults:5 | Identified the ring "Jitosi" {Wiz Int+4 SInv}
 42137 | Vaults:5 | Reached skill level 10 in Dodging
 42309 | Vaults:5 | Identified the ring of Rouzuc {Fire rPois rCorr Slay+2}
 42317 | Vaults:5 | Got the Tractate on Silt and the Birds
 42323 | Vaults:5 | Got the Compilation of Coarse Command
 42405 | Vaults:5 | Identified the ring of Uvosakk {Drain rPois rN+ Int+7}
 42719 | Vaults:5 | Identified the +2 helmet of the Vaults {Rampage *Corrode
                  | Will- Int+8}
 42747 | Vaults:5 | Got the Grimoire of Venom
 42751 | Vaults:5 | Got the Volume of Shapeshifting
 42753 | Vaults:5 | Got the Folio of Terrain and Wicked Rituals
 42754 | Vaults:5 | Identified the +8 broad axe of the Special Lives {speed,
                  | rN++ Int+4 Stlth+}
 42763 | Vaults:5 | Upgraded the game from 0.30-a0-390-g80c34de65d to
                  | 0.30-a0-393-g54b8e3be05
 43050 | Vaults:5 | Got the Treatise on Grit
 43550 | Depths:1 | Found a one-way gate leading to the halls of Pandemonium.
 43717 | Depths:1 | HP: 9/211 [Ice Fiend/bolt of cold (32)]
 43718 | Arena    | Entered the Arena
 43727 | Arena    | HP: 5/211 [Ice Fiend (13)]
 43729 | Arena    | Killed from afar by an Ice Fiend

Illustrated notes

Levels and vault maps discovered:
D:1:      dpeg_arrival_rhombus, layout_loops_cross, serial_co_window_serial,
          co_window_paths_b, co_window_corner_a, co_window_corner_a,
          co_window_paths_a, co_window_of_opportunity_a, co_window_broadway_c,
          co_window_corner_b, co_window_unsneaky_path_e, co_window_4corner_b,
          co_window_4corner_a, glass_columns_a, glass_columns_a
D:2:      layout_basic, serial_shops, shop, shop, shop, shop, shop, uniq_terence
D:3:      layout_rooms
D:4:      layout_loops_corners, mainiacjoe_overflow_alcove_4,
          gammafunk_ghost_necromancy, uniq_eustachio
D:5:      layout_loops_cross, minmay_temple_entry_fiery
D:6:      layout_cave_pools, mainiacjoe_overflow_two_lobes, serial_shops, shop,
          minmay_a_box_with_orc_wizards_in_it
D:7:      layout_basic, serial_undead, serial_undead_e, serial_undead_c,
          serial_undead_c, serial_undead_d
D:8:      layout_cave_pools, fedhas_altar_4, enter_ossuary_2, uniq_gastronok
D:9:      layout_roguey [special_room_orc], mainiacjoe_overflow_tiny_flanked
D:10:     layout_roguey, grunt_lair_entry_orc_guard_hut, serial_shops, shop
D:11:     layout_stronghold, orc_0_dummy, lemuel_flame_loot_1, uniq_sonja,
          uniq_lodul, uniq_fannar, uniq_grum
D:12:     layout_rooms, muffindrake_ghost_dual_entry
D:13:     layout_long_grid, hangedman_vaults_entry_quadrant_bands, serial_shops,
          shop_fountains, nicolae_shop_sticking_my_neck_out
D:14:     layout_small_grid, roderic_lattice_a
D:15:     hangedman_depths_entry_try_elsewhere_first, layout_basic,
          bloody_makhleb
Temple:   minmay_temple_bridge_d
Lair:1:   layout_layer_cave, gammafunk_ghost_wrathful_warriors,
          kennysheep_snail_temple
Lair:2:   layout_regular_city, palyth_hydra_swamp_entry, dummy_snake_entry,
          chequers_serial_rivers_large_a
Lair:3:   layout_cellular_growth, minmay_stone_trees_small,
          grunt_forest_small_clearing_treed
Lair:4:   layout_loops_ring, slime_entry_1, evilmike_ambush
          [evilmike_ambush_outer_basic, evilmike_ambush_inner_basic]
Lair:5:   cheibrodos_lair_end_hotspot, layout_big_grid
Swamp:1:  nicolae_swamp_tree_isthmus, layout_falls_marsh,
          nicolae_swamp_small_spring, swamp_pool1
Swamp:2:  layout_basic_swamp, evilmike_swamp_ruin_house_6, swamp_pool1
Swamp:3:  layout_basic_swamp, evilmike_swamp_ruin_house_1
Swamp:4:  swamp_icy, layout_basic_swamp, portal_ice_cave_entry_pillars_three,
          uniq_louise
Snake:1:  layout_misc_corridors, nicolae_alphabet_shops, uniq_aizul
Snake:2:  layout_grid_maze, serial_shops, nicolae_shop_waterfront, uniq_vashnia
Snake:3:  layout_onion, nrook_loot_triangle
Snake:4:  minmay_snake_end_coiled, layout_misc_corridors, grunt_ministairs_6
Orc:1:    layout_diamond_mine, nicolae_volcano_entry_lava_flow, library_closet
Orc:2:    st_orc_pillars, layout_caves, basic_altar, uniq_nessos
Vaults:1: nicolae_vaults_ninety_degrees, nicolae_vaults_border_crossing,
          vaults_room_pool, nicolae_vaults_yaktaur_gun_rack, v_misc_15,
          v_misc_33, v_pattern_2, nicolae_vaults_little_ls, vaults_dpeg_ring,
          vaults_dpeg_emergency_exit, layout_vaults_chaotic_city
Vaults:2: vaults_room_ringed_pool, nicolae_vaults_shelves_hall,
          ontoclasm_vaults_ligature, st_more_cells,
          nicolae_vaults_mini_display_case, vaults_room_corners,
          nicolae_vaults_little_squares_4, v_rooms_5, hangedman_vaults_stream,
          grunt_vaults_diagonal, nicolae_vaults_windows_and_doors_thing,
          nicolae_vaults_angled_halls, v_misc_1, vaults_room_pools,
          layout_vaults_omnibox
Vaults:3: v_misc_1, v_misc_28, hangedman_vaults_impose, grunt_vaults_funnel,
          nicolae_vaults_diagonal_hallway_7, v_misc_25,
          nicolae_vaults_what_the_h, st_cross, vaults_mumra_hexcomb,
          hangedman_vaults_snaps, vaults_room_door_ring,
          nicolae_vaults_ring_of_whatevers, layout_vaults_ring, uniq_mara,
          uniq_margery
Vaults:4: st_greater_box_1, vaults_room_semicircle, hangedman_vaults_maws,
          vaults_mumra_minichess_inversion, nicolae_vaults_shelves_hall,
          nicolae_vaults_network_s, nicolae_vaults_network_star,
          nicolae_vaults_rhombus_6, vaults_standard_mumra_enter_the_diamond,
          serial_ice_m, vaults_room_hallway, serial_ice_b,
          vaults_room_door_ring, layout_vaults_omnicross, serial_shops, shop
Vaults:5
Depths:1: layout_roguey, enter_ziggurat_d, serial_bayou, serial_bayou_shore_a,
          serial_bayou_pond_b, serial_bayou_shore_b, serial_bayou_ford_a,
          hell_entry, rand_demon_pan_entry_4, lemuel_round_altar, ice2_lemuel
Arena

Skill      XL: |  1  2  3  4  5  6  7  8  9 10 11 12 13 14 15 16 17 18 19 20 21 22 23 |
---------------+----------------------------------------------------------------------+-----
Fighting       | 4 5 6 8 10 12 14 16 17 18 19 20 21 22 23 24 | 24.5
Axes           | 3 4 5 6 7 9 10 11 12 13 14 15 16 17 18 | 18.0
Armour         | 4 5 6 7 8 9 10 11 12 13 14 15 16 | 16.5
Shields        | 5 6 7 8 10 11 12 13 14 15 16 17 18 19 | 19.4
Invocations    | 2 4 6 7 8 9 10 12 15 17 18 20 21 22 | 22.0
Throwing       | 1 3 5 6 |  6.8
Stealth        | 3 5 6 |  6.9
Evocations     | 2 4 5 |  5.7
Dodging        | 2 3 4 5 6 7 8 9 10 | 10.2

Action                   |  1- 3 |  4- 6 |  7- 9 | 10-12 | 13-15 | 16-18 | 19-21 | 22-24 || total
-------------------------+-------+-------+-------+-------+-------+-------+-------+-------++-------
Melee: War axe           |    53 |   234 |   287 |   599 |   144 |       |       |       ||  1317
       Quick blade       |       |       |       |    30 |       |       |       |       ||    30
       Broad axe         |       |       |       |       |   660 |   976 |   917 |   424 ||  2977
       Flail             |       |       |       |       |     5 |       |       |       ||     5
 Fire: Arbalest          |       |       |       |       |       |     3 |       |       ||     3
Throw: Dart              |       |       |     2 |    24 |    13 |    24 |     5 |       ||    68
       Javelin           |       |       |       |     1 |       |       |       |       ||     1
Invok: Heroism           |       |       |       |     2 |     2 |     5 |     4 |     4 ||    17
       Finesse           |       |       |       |     1 |     1 |     4 |     3 |     3 ||    12
       Duel              |       |       |       |       |       |       |     2 |     2 ||     4
 Abil: Dig               |       |       |       |       |     1 |       |       |       ||     1
Evoke: Wand              |       |     1 |     3 |     6 |     4 |     1 |     4 |     1 ||    20
       Phial of floods   |       |       |       |     1 |       |       |       |       ||     1
  Use: Potion            |       |     3 |       |       |     3 |     4 |    13 |    13 ||    36
       Scroll            |       |       |    21 |     8 |     2 |     6 |     1 |     1 ||    39
 Stab: Sleeping          |       |       |       |     1 |    10 |    41 |     9 |     2 ||    63
       Distracted        |       |       |       |       |       |     4 |       |     1 ||     5
       Invisible         |       |       |       |       |       |     2 |       |       ||     2
Armor: Scale mail        |    31 |    90 |    87 |       |       |       |       |       ||   208
       Ring mail         |       |       |    13 |   132 |       |       |       |       ||   145
       Crystal plate arm |       |       |       |    34 |    20 |       |       |       ||    54
       Shadow dragon sca |       |       |       |       |   261 |   265 |   185 |   102 ||   813
Dodge: Dodged            |    21 |   154 |   202 |   273 |   249 |   185 |   213 |   130 ||  1427
Block: Buckler           |    16 |    64 |   164 |   391 |   382 |     7 |       |       ||  1024
       Reflection        |       |       |     4 |    16 |    31 |    72 |   115 |    26 ||   264
       Kite shield       |       |       |       |       |       |   664 |   652 |   335 ||  1651

Table legend: (Time is in decaauts)
 A = Elapsed time spent in this place.
 B = Non-inter-level travel time spent in this place.
 C = Inter-level travel time spent in this place.
 D = Time resting spent in this place.
 E = Time spent auto-exploring this place.
 F = Levels seen in this place.
 G = Mean time per level.
                   A        B        C        D        E       F      G
               +--------+--------+--------+--------+--------+-----+--------+
         Total |  42551 |  40086 |   2465 |   4903 |  26477 |  44 |  967.1 |
       Dungeon |  15501 |  14223 |   1278 |   1041 |   9943 |  15 | 1033.4 |
        Temple |     98 |     98 |      0 |      0 |     51 |   1 |   98.0 |
          Lair |   5196 |   4797 |    399 |    258 |   3723 |   5 | 1039.2 |
         Swamp |   4038 |   3893 |    145 |    961 |   2199 |   4 | 1009.5 |
     Snake Pit |   4830 |   4581 |    249 |    854 |   2894 |   4 | 1207.5 |
  Orcish Mines |   1813 |   1725 |     88 |    234 |   1055 |   2 |  906.5 |
        Vaults |   9014 |   8714 |    300 |   1389 |   5635 |   5 | 1802.8 |
        Depths |    280 |    278 |      2 |      0 |    138 |   1 |  280.0 |
       Ossuary |    353 |    353 |      0 |      0 |     37 |   1 |  353.0 |
      Ice Cave |    937 |    937 |      0 |    166 |    527 |   1 |  937.0 |
       Volcano |    429 |    429 |      0 |      0 |    275 |   1 |  429.0 |
         Arena |     55 |     55 |      0 |      0 |      0 |   4 |   13.8 |
               +--------+--------+--------+--------+--------+-----+--------+

Top non-repeatable levels by time:
Vaults:4: 2950 daAuts
 Snake:2: 2027 daAuts
Vaults:1: 1769 daAuts
    D:13: 1623 daAuts
    D:15: 1523 daAuts
Vaults:2: 1465 daAuts
Vaults:3: 1417 daAuts
Vaults:5: 1411 daAuts
     D:4: 1366 daAuts
 Swamp:4: 1331 daAuts
     D:1: 1286 daAuts
    D:14: 1256 daAuts
    D:11: 1252 daAuts
  Lair:2: 1209 daAuts
 Snake:4: 1151 daAuts
